 Dungeon Crawl Stone Soup version 0.24.0-123-gd5b16e6ec5 (webtiles) character file.

Game seed: 18207144980236686416, levelgen mode: deterministic

3860 AuftragZ the Cutter (level 9, -1/75 HPs)
             Began as a Grey Draconian Skald on Jan 24, 2020.
             Was a Priest of Wu Jian.
             Slain by an orc warrior
             ... wielding a +0 bardiche
              (18 damage)
             ... in a bailey.
             The game lasted 00:49:25 (10731 turns).

AuftragZ the Cutter (Grey Draconian Skald)         Turns: 10731, Time: 00:49:25

Health: -1/75      AC: 15    Str: 17    XL:     9   Next: 99%
Magic:  0/15       EV: 14    Int: 14    God:    Wu Jian [***...]
Gold:   438        SH:  0    Dex: 10    Spells: 6/16 levels left

rFire    . . .     SeeInvis +   e - +5 short sword (venom)
rCold    . . .     Gourm    .   (no shield)
rNeg     . . .     Faith    .   (armour unavailable)
rPois    .         Spirit   +   (helmet restricted)
rElec    .         Reflect  .   b - +1 cloak
rCorr    .         Harm     .   f - +0 pair of gloves
MR       .....                  (no boots)
Stlth    ++........             i - amulet of guardian spirit
HPRegen  0.22/turn              h - ring of see invisible
MPRegen  0.14/turn              (no ring)

@: infused (expiring), singing (expiring)
A: walk through water, unfitting armour, unbreathing, cold-blooded, AC +12
a: Wall Jump, Serpent's Lash, Renounce Religion


You were in a bailey.
You worshipped Wu Jian.
Wu Jian was most pleased with you.
You were not hungry.

You visited 1 branch of the dungeon, and saw 7 of its levels.
You also visited: Ossuary and Bailey.

You collected 503 gold pieces.
You spent 65 gold pieces at shops.

Inventory:

Hand Weapons
 e - a +5 short sword of venom (weapon)
Armour
 b - a +1 cloak (worn)
 f - a +0 pair of gloves (worn)
Jewellery
 a - a +4 ring of intelligence {unknown}
 g - a cursed amulet of inaccuracy {unknown}
 h - a ring of see invisible (left hand)
 i - an amulet of guardian spirit (around neck)
 q - a +2 ring of protection {unknown}
Scrolls
 d - 2 scrolls of enchant weapon
 j - 5 scrolls of teleportation
 m - a scroll of amnesia {unknown}
 v - a scroll of noise {unknown}
 w - a scroll of remove curse
 x - 2 scrolls of enchant armour
 y - a scroll of blinking
Potions
 k - a potion of magic
 l - 2 potions of flight {unknown}
 s - a potion of brilliance
 t - 2 potions of resistance {unknown}
 u - a potion of haste
Comestibles
 c - 12 rations


   Skills:
 + Level 5.8 Fighting
 + Level 7.6 Short Blades
   Level 2.2 Axes
 + Level 5.4 Throwing
 + Level 5.8 Dodging
 + Level 3.0 Stealth
 + Level 4.0 Spellcasting
 + Level 0.2 Conjurations
 + Level 0.1 Hexes
 + Level 4.7 Charms
 + Level 0.8 Necromancy


You had 6 spell levels left.
You knew the following spells:

 Your Spells              Type           Power        Failure   Level  Hunger
a - Infusion              Chrm           ###.         2%          1    None
b - Song of Slaying       Chrm           ###.....     4%          2    ##.....
c - Spectral Weapon       Hex/Chrm       #.......     22%         3    ###....
d - Regeneration          Chrm/Necr      ##........   19%         3    ###....
e - Magic Dart            Conj           #...         19%         1    None

Your spell library contained the following spells:

 Spells                   Type           Power        Failure   Level  Hunger
 Shroud of Golubria       Chrm/Tloc      #.....       11%         2    ##.....
 Corona                   Hex            #......      19%         1    None
 Blink                    Tloc           N/A          28%         2    ##.....
 Call Imp                 Summ           #.......     28%         2    ##.....
 Ensorcelled Hibernation  Hex/Ice        #.....       28%         2    ##.....
 Slow                     Hex            #.......     28%         2    ##.....
 Dazzling Spray           Conj/Hex       #.....       47%         3    ###....
 Confuse                  Hex            #.......     50%         3    ###....
 Conjure Flame            Conj/Fire      #.......     50%         3    ###....
 Mephitic Cloud           Conj/Pois/Air  #.......     50%         3    ###....
 Tukima's Dance           Hex            #.......     50%         3    ###....


Dungeon Overview and Level Annotations

Branches:
Dungeon (7/15)             Temple (0/1) D:6         Ossuary (visited)
 Bailey (1/1)

Altars:
Fedhas
Gozag
Hepliaklqana
Makhleb
Nemelex Xobeh
Okawaru
Qazlal
Sif Muna
Trog
Uskayaw
Vehumet
Wu Jian
Yredelemnul

Shops:
D:4 !}


Innate Abilities, Weirdness & Mutations

You can walk through water.
Your dull iron-grey scales are very hard. (AC +12)
You cannot fit into any form of body armour.
You can survive without breathing.
You are cold-blooded and may be slowed by cold attacks.


Message History

The orc warrior looks as sick as possible!
The orc warrior is almost dead.
You kill the orc warrior!
The Council accepts your kill. The orc closely misses you.
Items here: )) [ † a +0 trident; a +0 chain mail; a +0 trident; an orc corpse You spin and attack the orc warrior.
You hit the orc warrior.
The orc warrior is lightly wounded.
Your magical infusion is running out.
Your song is almost over.
The orc warrior hits you with a +0 bardiche!
* * * LOW HITPOINT WARNING * * *
The orc closely misses you.
Found a smoky coppery potion and 2 green potions.
Things that are here:
a +0 halberd; a +0 plate armour
Okay, then.
You feel better. The orc hits you but does no damage.
The orc warrior hits you with a +0 bardiche!!
You die...

###'###
#...#
#...#
#...#
#...#
###'###
##...).##
#...))).#
#..)@o).#
#...o...#
#.......#
#.......#
##.....##
##'''##
.....
.!!!.


You could see an orc warrior (pinned) and an orc.

Vanquished Creatures
  The ghost of MajorAdolf the Covert, a novice NaWn of Gozag (D:7)
  Pikel (D:7)
  Prince Ribbit (D:6)
  The ghost of Xerdoz the Insei, an amateur OpTm (D:4)
  Grinder (D:4)
  Eustachio (D:6)
  A water moccasin (D:6)
  5 orc warriors
  An ice beast (D:5)
  A black bear (D:7)
  A phantom (D:4)
  An ogre (D:5)
  2 centaurs
  An elf zombie (Ossuary)
  A bullfrog (D:6)
  A scorpion (D:7)
  A howler monkey (D:4)
  3 centaur zombies (Ossuary)
  4 hounds
  A jelly (D:5)
  A human zombie (Ossuary)
  2 orc wizards
  An orc priest (D:6)
  Jessica (D:3)
  2 worker ants
  A hound zombie (D:5)
  3 mummies (Ossuary)
  3 gnolls (D:6)
  15 adders
  A shadow imp (D:4)
  An ooze (D:3)
  5 adder zombies (Ossuary)
  An adder skeleton (D:7)
  10 worms
  2 dart slugs
  3 leopard geckos (D:4)
  35 orcs
  7 bats
  6 giant cockroaches
  A gnoll zombie (Ossuary)
  7 goblins
  6 hobgoblins
  3 jackals (D:1)
  3 quokkas (D:3)
  A ball python (D:4)
  8 frilled lizards
  3 goblin zombies (Ossuary)
  2 hobgoblin zombies (Ossuary)
  A jackal skeleton (D:5)
  2 jackal zombies (Ossuary)
  6 kobolds
  4 kobold zombies (Ossuary)
  2 orc zombies (Ossuary)
  A quokka skeleton (D:6)
  6 quokka zombies (Ossuary)
  15 rats
  5 rat zombies (Ossuary)
  2 withered plants (D:4)
208 creatures vanquished.

Notes
Turn   | Place    | Note
-------+----------+-------------------------------------------
     0 | D:1      | AuftragZ the Draconian Skald began the quest for the Orb.
     0 | D:1      | Reached XP level 1. HP: 17/17 MP: 3/3
   319 | D:1      | Reached XP level 2. HP: 24/24 MP: 5/5
   907 | D:2      | Found a radiant altar of Vehumet.
   998 | D:2      | Reached XP level 3. HP: 30/30 MP: 2/6
  1364 | D:2      | Learned a level 2 spell: Song of Slaying
  1381 | D:2      | Learned a level 3 spell: Spectral Weapon
  2204 | D:2      | Reached XP level 4. HP: 34/37 MP: 5/7
  2872 | D:3      | Noticed Jessica
  2877 | D:3      | Killed Jessica
  2877 | D:3      | Reached skill level 1 in Short Blades
  3004 | D:3      | Reached skill level 1 in Throwing
  3004 | D:3      | Reached XP level 5. HP: 42/42 MP: 8/8
  3076 | D:3      | Found an opulent altar of Gozag.
  3084 | D:3      | Found a basalt altar of Yredelemnul.
  3084 | D:3      | Found an ornate altar of the Wu Jian Council.
  3084 | D:3      | Found a shimmering blue altar of Sif Muna.
  3085 | D:3      | Found a blossoming altar of Fedhas.
  3110 | D:3      | Became a worshipper of the Wu Jian Council
  3799 | D:3      | Found a hide-covered altar of Uskayaw.
  3809 | D:3      | Reached skill level 1 in Stealth
  5065 | D:4      | Found Appuwn Otot's Distillery.
  5258 | D:4      | Found Immaxur's Gadget Boutique.
  5416 | D:4      | Noticed a phantom
  5437 | D:4      | Killed a phantom
  5437 | D:4      | Reached skill level 2 in Short Blades
  5437 | D:4      | Reached XP level 6. HP: 37/51 MP: 6/9
  5445 | D:4      | Noticed Grinder
  5469 | D:4      | Killed Grinder
  5469 | D:4      | Your scales start taking on a dull iron-grey colour.
  5469 | D:4      | Reached XP level 7. HP: 20/57 MP: 10/10
  5469 | D:4      | Gained mutation: You can survive without breathing. [Grey
                  | Draconian growth]
  5474 | D:4      | Learned a level 3 spell: Regeneration
  5562 | D:4      | Found a sparkling altar of Nemelex Xobeh.
  5624 | D:4      | Bought a potion of heal wounds for 65 gold pieces
  5627 | D:4      | Found a runed translucent door.
  5628 | D:4      | Noticed Xerdoz's ghost (amateur OpTm)
  5697 | D:4      | Killed Xerdoz's ghost
  5697 | D:4      | Reached skill level 3 in Short Blades
  6242 | D:5      | Entered Level 5 of the Dungeon
  6823 | D:5      | Reached skill level 4 in Short Blades
  6860 | D:5      | Reached * piety under Wu Jian
  7118 | D:5      | Learned a level 1 spell: Magic Dart
  7164 | D:5      | Reached XP level 8. HP: 66/66 MP: 12/12
  8064 | D:6      | Found a sand-covered staircase.
  8073 | Ossuary  | Entered an ossuary
  8298 | Ossuary  | Reached ** piety under Wu Jian
  8332 | Ossuary  | Reached skill level 5 in Short Blades
  8504 | D:6      | Found a hazy altar of Hepliaklqana.
  8610 | D:6      | Noticed a moth of wrath
  8613 | D:6      | Found a bloodstained altar of Trog.
  8828 | D:6      | Found a staircase to the Ecumenical Temple.
  8873 | D:6      | Noticed Prince Ribbit
  8883 | D:6      | Killed Prince Ribbit
  8883 | D:6      | Reached skill level 5 in Throwing
  9080 | D:6      | Found a burning altar of Makhleb.
  9095 | D:6      | Reached skill level 6 in Short Blades
  9095 | D:6      | Reached XP level 9. HP: 63/73 MP: 3/13
  9117 | D:6      | Noticed Eustachio
  9136 | D:6      | Killed Eustachio
  9355 | D:6      | Found a stormy altar of Qazlal.
  9485 | D:6      | Reached skill level 5 in Fighting
  9876 | D:7      | Reached skill level 5 in Dodging
  9921 | D:7      | Found a runed translucent door.
  9938 | D:7      | Noticed MajorAdolf's ghost (novice NaWn)
  9961 | D:7      | Killed MajorAdolf's ghost
 10108 | D:7      | Reached skill level 7 in Short Blades
 10162 | D:7      | Found an iron altar of Okawaru.
 10285 | D:7      | Noticed Pikel
 10286 | D:7      | Found a flagged portal.
 10300 | D:7      | Killed Pikel
 10311 | Bailey   | Entered a bailey
 10443 | Bailey   | Reached *** piety under Wu Jian
 10731 | Bailey   | Slain by an orc warrior

Levels and vault maps discovered:
D:1:      dpeg_arrival_boxorama, layout_rooms, corexii_corridor_pit
D:2:      layout_basic, vehumet_crystals, first_ration, grunt_ministairs_14
D:3:      kennysheep_six_static_rooms, layout_basic, old_standard_altar,
          grunt_temple_overflow_open, uniq_jessica
D:4:      layout_loops_ring, nemelex_xobeh_ov_fountains_minmay, serial_shops,
          shop, shop, gammafunk_ghost_grave, uniq_grinder
D:5:      layout_basic
D:6:      layout_basic, old_standard_altar, nicolae_qazlal_style_of_elements,
          tgw_trog, minmay_temple_entry_offerings, enter_ossuary_5,
          makhleb_heckhound_becter, uniq_eustachio, uniq_prince_ribbit1
D:7:      layout_basic, nicolae_ru_great_annihilating_truth,
          okawaru_ov_weapons_minmay, ebering_ghost_reflecting_pool,
          enter_bailey_2, grunt_decor_cap, minivault_25, uniq_pikel
Bailey:   bailey_polearm_5, bailey

Skill      XL: |  1  2  3  4  5  6  7  8  9 |
---------------+----------------------------+-----
Charms         | 3 4 |  4.7
Dodging        | 3 4 5 |  5.8
Short Blades   | 1 2 4 6 7 |  7.6
Throwing       | 1 2 3 5 |  5.4
Stealth        | 1 2 3 |  3.0
Fighting       | 3 4 5 |  5.8
Spellcasting   | 3 4 |  4.0
Axes           | |  2.2
Conjurations   | |  0.2
Hexes          | |  0.1
Necromancy     | |  0.8

Action                   |  1- 3 |  4- 6 |  7- 9 || total
-------------------------+-------+-------+-------++-------
Melee: Hand axe          |    47 |       |       ||    47
       Tailslap          |     3 |    18 |    47 ||    68
       Short sword       |    53 |   122 |   435 ||   610
Throw: Dart              |    33 |    66 |    56 ||   155
 Cast: Infusion          |     8 |     3 |     8 ||    19
       Song of Slaying   |     2 |       |    11 ||    13
       Spectral Weapon   |     1 |       |     1 ||     2
       Regeneration      |       |       |     3 ||     3
       Magic Dart        |       |       |     5 ||     5
Invok: Lunge             |       |     9 |    36 ||    45
       Whirlwind         |       |       |    61 ||    61
       Serpent's Lash    |       |       |     1 ||     1
 Abil: Wall Jump         |       |       |     1 ||     1
  Use: Potion            |     2 |     4 |     7 ||    13
       Scroll            |     2 |     7 |     8 ||    17
 Stab: Sleeping          |       |       |     3 ||     3
  Eat: Chunk             |     4 |     9 |     9 ||    22
       Ration            |       |       |     4 ||     4
Armor: Skin              |    39 |    26 |   141 ||   206
Dodge: Dodged            |    75 |    55 |   274 ||   404
